[ AOE2 MATCH · #507207738 ]
UnrankedHindustanis vs Tupi
Player's team · LOSS
Rival team · WIN
[ REPLAY ANALYSIS · EXTRACTED FROM THE RECORDED GAME ]
Feudal
8:26
Castle
24:40
Imperial
—
| APM avg | 85.6 |
| APM peak | 115 |
| eAPM avg | 36.6 |
| Villagers / military | 56 / 4 |
Focus
⚔️ 30.6% · 🌾 69.4%
Scout Cavalry ×4
Feudal
9:40
Castle
25:10
Imperial
—
| APM avg | 35.4 |
| APM peak | 72 |
| eAPM avg | 23.1 |
| Villagers / military | 48 / 4 |
Focus
⚔️ 42.7% · 🌾 57.3%
Unknown (2550) ×13 · Spearman ×4
Match map
Initial resources + every placement click. Lines = walls · curves = elevation contours. ◆ gold · ⬟ stone · ● berries · ✦ relic · ◌ wall gap
Your base· Open — 3t gap
gupo57's base· Open — unwalled flank
Smoothed initial terrain · ◌ = detected wall gap · hover for details
Inputs per minute
— droginho - - gupo57
Build order — droginho
121 actions detected in the replay
| 0:00 | Queue | Villager (Male) |
| 0:00 | Queue | Villager (Male) |
| 0:00 | Queue | Villager (Male) |
| 0:00 | Queue | Villager (Male) |
| 0:02 | Build | House |
| 0:03 | Build | House |
| 1:11 | Queue | Villager (Male) |
| 1:33 | Queue | Villager (Male) |
| 1:53 | Build | Lumber Camp |
| 2:05 | Queue | Villager (Male) |
| 2:05 | Queue | Villager (Male) |
| 2:16 | Queue | Villager (Male) |
| 2:53 | Queue | Villager (Male) |
| 3:02 | Build | House |
| 3:14 | Queue | Villager (Male) |
| 3:30 | Queue | Villager (Male) |
| 3:39 | Queue | Villager (Male) |
| 3:48 | Build | House |
| 4:09 | Queue | Villager (Male) |
| 4:17 | Build | Mill |
| 4:22 | Build | Mill |
| 4:26 | Research | Loom |
| 4:31 | Queue | Villager (Male) |
| 4:31 | Research | Loom |
| 6:16 | Research | Feudal Age |
| 6:23 | Build | Palisade Wall |
| 6:24 | Build | Palisade Wall |
| 6:34 | Build | Palisade Wall |
| 6:38 | Build | Palisade Wall |
| 6:44 | Build | Palisade Wall |
| 6:59 | Build | Palisade Wall |
| 7:00 | Build | Palisade Wall |
| 7:32 | Build | Barracks |
| 8:05 | Build | House |
| 8:13 | Queue | Villager (Male) |
| 8:13 | Queue | Villager (Male) |
| 8:17 | Queue | Villager (Male) |
| 8:17 | Queue | Villager (Male) |
| 8:18 | Queue | Villager (Male) |
| 8:26 | Queue | Villager (Male) |
| 8:26 | Age | Feudal Age |
| 8:29 | Queue | Villager (Male) |
| 8:50 | Build | Stable |
| 9:00 | Build | Palisade Wall |
| 9:22 | Build | Farm |
| 9:39 | Research | Double-Bit Axe |
| 9:39 | Research | Double-Bit Axe |
| 9:42 | Queue | Scout Cavalry |
| 9:59 | Build | Farm |
| 10:01 | Queue | Scout Cavalry |
| 10:10 | Build | Farm |
| 10:13 | Build | Farm |
| 10:25 | Queue | Villager (Male) |
| 10:25 | Queue | Villager (Male) |
| 10:29 | Build | Farm |
| 10:35 | Build | House |
| 10:38 | Queue | Villager (Male) |
| 10:38 | Queue | Villager (Male) |
| 10:59 | Build | Mining Camp |
| 11:00 | Queue | Villager (Male) |
| 11:07 | Queue | Scout Cavalry |
| 11:07 | Queue | Scout Cavalry |
| 11:13 | Queue | Villager (Male) |
| 11:27 | Build | Farm |
| 11:34 | Build | Farm |
| 11:40 | Build | House |
| 11:41 | Queue | Villager (Male) |
| 11:41 | Queue | Villager (Male) |
| 11:50 | Build | House |
| 12:17 | Queue | Villager (Male) |
| 12:27 | Build | Watch Tower |
| 12:45 | Queue | Villager (Male) |
| 12:55 | Build | Farm |
| 13:03 | Build | Lumber Camp |
| 13:28 | Build | Watch Tower |
| 13:33 | Queue | Villager (Male) |
| 13:33 | Queue | Villager (Male) |
| 13:35 | Build | Farm |
| 13:40 | Build | Farm |
| 13:55 | Build | Blacksmith |
| 14:05 | Queue | Villager (Male) |
| 14:05 | Queue | Villager (Male) |
| 14:16 | Build | Farm |
| 14:30 | Queue | Villager (Male) |
| 14:30 | Queue | Villager (Male) |
| 14:33 | Build | Market |
| 14:39 | Build | House |
| 15:09 | Queue | Villager (Male) |
| 15:09 | Queue | Villager (Male) |
| 15:40 | Queue | Villager (Male) |
| 15:47 | Build | House |
| 16:35 | Research | Fletching |
| 16:35 | Research | Fletching |
| 17:01 | Queue | Villager (Male) |
| 17:18 | Build | House |
| 17:43 | Queue | Villager (Male) |
| 17:44 | Queue | Villager (Male) |
| 18:30 | Build | Mining Camp |
| 19:18 | Build | Farm |
| 19:22 | Build | Farm |
| 19:26 | Build | Palisade Wall |
| 19:27 | Build | Palisade Wall |
| 19:29 | Queue | Villager (Male) |
| 19:50 | Build | Watch Tower |
| 20:12 | Queue | Villager (Male) |
| 20:37 | Queue | Villager (Male) |
| 20:56 | Build | Palisade Wall |
| 21:08 | Queue | Villager (Male) |
| 22:00 | Research | Castle Age |
| 23:29 | Queue | Villager (Male) |
| 23:30 | Queue | Villager (Male) |
| 24:27 | Queue | Villager (Male) |
| 24:28 | Queue | Villager (Male) |
| 24:40 | Age | Castle Age |
| 24:44 | Queue | Villager (Male) |
| 24:44 | Queue | Villager (Male) |
| 24:44 | Queue | Villager (Male) |
| 25:16 | Build | Castle |
| 25:23 | Build | Castle |
| 26:08 | Queue | Villager (Male) |
| 26:10 | Build | Town Center |
Build order — gupo57
149 actions detected in the replay
| 0:00 | Queue | Villager (Male) |
| 0:02 | Build | House |
| 0:03 | Build | House |
| 0:12 | Queue | Villager (Male) |
| 0:12 | Queue | Villager (Male) |
| 0:14 | Queue | Villager (Male) |
| 1:12 | Queue | Villager (Male) |
| 1:37 | Queue | Villager (Male) |
| 2:03 | Build | House |
| 2:20 | Queue | Villager (Male) |
| 2:43 | Queue | Villager (Male) |
| 2:44 | Queue | Villager (Male) |
| 3:00 | Queue | Villager (Male) |
| 3:04 | Build | Settlement |
| 3:18 | Queue | Villager (Male) |
| 3:31 | Queue | Villager (Male) |
| 3:35 | Build | House |
| 3:54 | Queue | Villager (Male) |
| 3:54 | Queue | Villager (Male) |
| 4:40 | Queue | Villager (Male) |
| 4:40 | Queue | Villager (Male) |
| 4:40 | Queue | Villager (Male) |
| 5:01 | Queue | Villager (Male) |
| 5:13 | Build | House |
| 5:52 | Build | Barracks |
| 6:31 | Research | Loom |
| 7:29 | Research | Feudal Age |
| 7:58 | Queue | Unit 2550 |
| 7:58 | Queue | Unit 2550 |
| 8:07 | Build | Settlement |
| 8:33 | Build | Palisade Wall |
| 8:34 | Build | Palisade Wall |
| 8:48 | Queue | Unit 2550 |
| 9:38 | Queue | Villager (Male) |
| 9:38 | Queue | Villager (Male) |
| 9:40 | Age | Feudal Age |
| 9:43 | Queue | Villager (Male) |
| 9:43 | Queue | Villager (Male) |
| 9:47 | Research | Tech 1402 |
| 9:51 | Research | Double-Bit Axe |
| 10:35 | Build | Watch Tower |
| 10:58 | Queue | Spearman |
| 11:01 | Build | Stone Wall |
| 11:02 | Build | Stone Wall |
| 11:17 | Queue | Villager (Male) |
| 11:17 | Queue | Villager (Male) |
| 11:21 | Build | Watch Tower |
| 11:30 | Build | Stone Wall |
| 11:31 | Build | Stone Wall |
| 11:32 | Build | Stone Wall |
| 11:35 | Build | Stone Wall |
| 11:50 | Build | Stone Wall |
| 11:52 | Build | Stone Wall |
| 11:54 | Build | Stone Wall |
| 12:06 | Queue | Villager (Male) |
| 12:08 | Build | Farm |
| 12:09 | Build | Farm |
| 12:29 | Build | Watch Tower |
| 12:44 | Queue | Villager (Male) |
| 12:44 | Queue | Villager (Male) |
| 12:45 | Build | Farm |
| 12:46 | Build | Farm |
| 13:01 | Research | Arson |
| 13:19 | Queue | Villager (Male) |
| 13:19 | Queue | Villager (Male) |
| 13:21 | Build | Farm |
| 13:44 | Build | Watch Tower |
| 13:48 | Queue | Villager (Male) |
| 13:48 | Queue | Villager (Male) |
| 14:21 | Queue | Villager (Male) |
| 14:22 | Queue | Villager (Male) |
| 14:50 | Queue | Villager (Male) |
| 15:19 | Build | Blacksmith |
| 15:55 | Queue | Villager (Male) |
| 15:56 | Queue | Villager (Male) |
| 16:06 | Build | Stone Wall |
| 16:16 | Build | Stone Wall |
| 16:17 | Build | Stone Wall |
| 16:18 | Queue | Spearman |
| 16:18 | Queue | Spearman |
| 16:20 | Build | Stone Wall |
| 16:25 | Build | Stone Wall |
| 16:39 | Build | Stone Wall |
| 17:05 | Queue | Villager (Male) |
| 17:39 | Queue | Villager (Male) |
| 17:40 | Queue | Villager (Male) |
| 17:44 | Build | Farm |
| 17:46 | Build | Farm |
| 17:47 | Build | Farm |
| 17:57 | Build | Watch Tower |
| 18:10 | Queue | Villager (Male) |
| 18:11 | Build | Farm |
| 18:12 | Build | Farm |
| 18:15 | Build | Farm |
| 18:22 | Build | Market |
| 18:59 | Build | Settlement |
| 19:10 | Queue | Villager (Male) |
| 19:10 | Queue | Villager (Male) |
| 19:12 | Build | Farm |
| 19:18 | Build | Farm |
| 19:38 | Build | Watch Tower |
| 19:41 | Queue | Villager (Male) |
| 19:43 | Build | Settlement |
| 20:02 | Queue | Villager (Male) |
| 20:02 | Queue | Villager (Male) |
| 20:26 | Build | Farm |
| 20:29 | Queue | Villager (Male) |
| 21:02 | Research | Fletching |
| 21:07 | Build | Farm |
| 21:08 | Build | Farm |
| 21:12 | Build | Farm |
| 21:14 | Build | Farm |
| 21:15 | Build | Farm |
| 21:21 | Build | Farm |
| 21:23 | Build | Farm |
| 21:25 | Build | Farm |
| 21:27 | Build | Farm |
| 21:37 | Queue | Villager (Male) |
| 22:00 | Queue | Villager (Male) |
| 22:19 | Build | Farm |
| 22:21 | Research | Castle Age |
| 22:34 | Research | Horse Collar |
| 22:44 | Queue | Spearman |
| 22:49 | Research | Stone Mining |
| 22:52 | Research | Gold Mining |
| 23:20 | Build | Barracks |
| 23:43 | Research | Scale Mail Armor |
| 23:44 | Research | Forging |
| 23:45 | Queue | Unit 2550 |
| 23:45 | Queue | Unit 2550 |
| 24:02 | Build | Palisade Wall |
| 24:12 | Build | Stone Wall |
| 24:19 | Queue | Unit 2550 |
| 24:20 | Queue | Unit 2550 |
| 24:24 | Queue | Unit 2550 |
| 24:24 | Queue | Unit 2550 |
| 24:45 | Build | Stone Wall |
| 25:00 | Research | Stone Mining |
| 25:10 | Age | Castle Age |
| 25:14 | Research | Tech 1351 |
| 25:21 | Build | Stone Wall |
| 25:23 | Build | Stone Wall |
| 25:25 | Build | Stone Wall |
| 25:27 | Build | Watch Tower |
| 25:30 | Queue | Unit 2550 |
| 25:30 | Queue | Unit 2550 |
| 25:40 | Queue | Unit 2550 |
| 26:15 | Queue | Unit 2550 |
| 26:16 | Build | Farm |
Match timeline
| 5:52 | gupo57 · first_building Barracks |
| 6:23 | droginho · wall_segment Palisade Wall x1 |
| 6:24 | droginho · wall_segment Palisade Wall x7 |
| 6:34 | droginho · wall_segment Palisade Wall x7 |
| 6:38 | droginho · wall_segment Palisade Wall x2 |
| 6:44 | droginho · wall_segment Palisade Wall x1 |
| 6:59 | droginho · wall_segment Palisade Wall x1 |
| 7:00 | droginho · wall_segment Palisade Wall x1 |
| 7:32 | droginho · first_building Barracks |
| 8:26 | droginho · age_up feudal |
| 8:33 | gupo57 · wall_segment Palisade Wall x3 |
| 8:34 | gupo57 · wall_segment Palisade Wall x1 |
| 8:50 | droginho · first_building Stable |
| 9:00 | droginho · wall_segment Palisade Wall x1 |
| 9:40 | gupo57 · age_up feudal |
| 11:01 | gupo57 · wall_segment Stone Wall x1 |
| 11:02 | gupo57 · wall_segment Stone Wall x1 |
| 11:30 | gupo57 · wall_segment Stone Wall x1 |
| 11:31 | gupo57 · wall_segment Stone Wall x1 |
| 11:32 | gupo57 · wall_segment Stone Wall x1 |
| 11:35 | gupo57 · wall_segment Stone Wall x1 |
| 11:50 | gupo57 · wall_segment Stone Wall x1 |
| 11:52 | gupo57 · wall_segment Stone Wall x1 |
| 11:54 | gupo57 · wall_segment Stone Wall x1 |
| 16:06 | gupo57 · wall_segment Stone Wall x1 |
| 16:16 | gupo57 · wall_segment Stone Wall x1 |
| 16:17 | gupo57 · wall_segment Stone Wall x1 |
| 16:20 | gupo57 · wall_segment Stone Wall x1 |
| 16:25 | gupo57 · wall_segment Stone Wall x1 |
| 16:33 | droginho · first_market_sell 100 stone |
| 16:34 | droginho · first_market_buy 100 food |
| 16:39 | gupo57 · wall_segment Stone Wall x1 |
| 19:26 | droginho · wall_segment Palisade Wall x2 |
| 19:27 | droginho · wall_segment Palisade Wall x1 |
| 20:56 | droginho · wall_segment Palisade Wall x5 |
| 21:39 | gupo57 · first_market_sell 100 stone |
| 24:02 | gupo57 · wall_segment Palisade Wall x1 |
| 24:12 | gupo57 · wall_segment Stone Wall x1 |
| 24:40 | droginho · age_up castle |
| 24:45 | gupo57 · wall_segment Stone Wall x1 |
| 25:10 | gupo57 · age_up castle |
| 25:16 | droginho · first_building Castle |
| 25:21 | gupo57 · wall_segment Stone Wall x1 |
| 25:23 | gupo57 · wall_segment Stone Wall x1 |
| 25:25 | gupo57 · wall_segment Stone Wall x1 |
| 26:24 | droginho · resign |
[ AI ANALYSIS · 1 CREDIT ]
What really happened in this match?
Wolo.gg analyzes every decision: build order, eco, micro, common mistakes by bracket. Personalized analysis on WhatsApp or Discord in 30 seconds.
Civ guide
Hindustanis
Perfil
Jugador #4489200